Map: Coda LE (Void)

Players

zheng

  • Race: Terran Terran
  • League: Grandmaster

Javert - Winner!

  • Race: Zerg Zerg
  • League: Grandmaster

VOD

Have the link to the VOD?

Description

Time

  • Played on: June 26, 2015, 12:16 a.m.
  • Length: 18:54
Show
View Real Time Build Order
Export as new Build Order

zheng Terran 

Build Orders: Command Center First (CC), Hellion Opening 

Get SALT Encoding   

  12  0:01  SCV  
  13  0:13  SCV  
  14  0:21  Supply Depot  
  14  0:26  SCV  
  16  0:42  SCV  
  16  0:58  Command Center  
  16  1:02  SCV  
  17  1:07  Refinery  
  17  1:14  SCV  
  18  1:24  Barracks  
  18  1:27  SCV  
  19  1:39  SCV  
  20  1:51  SCV  
  21  2:12  Orbital Command x2  
  21  2:14  Factory  
  21  2:20  Supply Depot  
  21  2:27  Barracks Reactor  
  21  2:38  SCV  
  21  2:39  SCV  
  23  2:51  SCV x2  
  25  3:03  SCV x2  
  25  3:04  Command Center  
  27  3:11  Hellion x2  
  31  3:15  SCV  
  31  3:22  Marine  
  31  3:32  Hellion x2  
  35  3:45  SCV  
  36  3:54  Hellion x2  
  40  3:58  SCV  
  41  4:11  Barracks Tech Lab  
  41  4:12  SCV, Starport  
  41  4:15  Supply Depot, Hellion x2  
  46  4:17  Supply Depot  
  46  4:33  SCV x2  
  46  4:40  Hellion x2  
  46  4:45  SCV x2  
  46  4:46  Refinery  
  46  4:52  Orbital Command  
  46  4:57  SCV  
  47  5:02  Hellion  
  49  5:08  SCV  
  49  5:09  SCV, Banshee  
  49  5:10  Cloaking Field  
  54  5:16  Supply Depot  
  54  5:17  Hellion  
  54  5:18  SCV  
  54  5:20  SCV  
  58  5:21  SCV, Refinery  
  58  5:22  Refinery  
  59  5:30  SCV  
  59  5:33  SCV  
  61  5:37  Armory  
  61  5:39  Engineering Bay  
  61  5:40  SCV, Supply Depot  
  61  5:42  SCV  
  63  5:43  Supply Depot  
  63  5:45  SCV  
  64  5:52  SCV, Banshee  
  64  5:56  SCV, Hellion  
  71  6:11  SCV, Hellion  
  69  6:17  Hellion  
  68  6:20  SCV  
  68  6:24  SCV  
  70  6:26  Starport  
  70  6:29  SCV  
  70  6:30  Starport  
  70  6:32  SCV, Hellion  
  74  6:35  Supply Depot x2  
  74  6:39  Hellion  
  74  6:52  Banshee  
  74  6:53  SCV, Hellion  
  77  6:54  SCV  
  77  6:57  Supply Depot  
  77  6:58  Supply Depot  
  77  7:00  Hellion  
  79  7:06  Orbital Command  
  80  7:09  Starport Reactor  
  80  7:12  Supply Depot, Starport Tech Lab  
  80  7:13  Supply Depot  
  80  7:14  SCV  
  80  7:15  Hellion  
  82  7:25  SCV  
  82  7:26  SCV  
  82  7:28  Armory  
  84  7:35  Supply Depot  
  84  7:36  Supply Depot  
  84  7:37  SCV, Factory  
  84  7:38  SCV  
  83  7:51  Banshee x2  
  86  7:52  Hellion  
  81  8:13  Hellion  
  81  8:14  Hellion  
  81  8:16  Liberator x3  
  83  8:21  Factory  
  81  8:33  SCV, Liberator  
  81  8:34  SCV  
  89  8:45  Missile Turret  
  89  8:46  SCV  
  89  8:47  SCV, Missile Turret  
  85  8:58  SCV  
  85  8:59  SCV, Missile Turret  
  85  9:08  Missile Turret  
  85  9:09  Missile Turret, Liberator  
  85  9:15  Liberator x2  
  84  9:17  Missile Turret  
  81  9:24  Orbital Command  
  82  9:32  SCV  
  82  9:38  SCV, Hellbat x4  
  96  9:45  SCV  
  97  9:51  SCV x2  
  99  9:56  Missile Turret  
  99  9:57  Missile Turret  
  99  9:59  Missile Turret  
  95  10:01  Hellbat x2  
  95  10:04  SCV x2  
  99  10:11  Missile Turret  
  93  10:35  SCV  
  86  10:36  Hellbat x4  
  94  10:48  SCV x2  
  96  10:51  SCV  
  97  10:57  Hellbat x3  
  97  11:00  SCV  
  97  11:03  Banshee x2  
  110  11:12  Liberator x2  
  110  11:14  SCV x2  
  110  11:15  SCV  
  113  11:26  SCV  
  114  11:46  Banshee x2  
  103  11:54  Liberator  
  103  11:55  Liberator  
  103  12:00  Unknown  
  72  12:17  Missile Turret  
  72  12:29  Banshee x2  
  76  12:40  SCV x3  
  79  12:45  Hellbat  
  79  12:46  Hellbat x3  
  87  12:52  SCV  
  87  12:54  Viking, Missile Turret  
  87  12:55  Viking  
  87  12:58  SCV x2  
  94  13:07  Hellbat x2  
  94  13:08  Terran Ship Weapons Level 1  
  94  13:10  Supply Depot  
  94  13:12  Command Center, Supply Depot, Viking, SCV  
  101  13:13  Hellbat  
  101  13:14  SCV x2  
  100  13:38  Viking x3  
  100  13:39  SCV x2  
  100  13:40  Hellbat  
  100  13:41  Hellbat  
  112  13:46  Missile Turret  
  104  14:01  Hellbat x2  
  104  14:02  Hellbat  
  110  14:04  SCV x2  
  110  14:21  Banshee x2  
  113  14:31  Hellbat x2  
  113  14:32  SCV x2, Hellbat x2  
  111  14:53  Hellbat x2  
  88  15:23  Viking  
  68  15:54  Hellbat x3  
  60  16:12  Refinery  
  60  16:13  Refinery  
  54  16:20  Missile Turret  
  54  16:22  SCV  
  54  16:23  Missile Turret  
  45  16:28  Orbital Command  
  45  16:33  Missile Turret  
  45  16:38  SCV  
  46  16:40  Missile Turret  
  25  16:57  SCV x4  
  25  17:00  Hellbat x4  
  37  17:09  SCV x3  
  37  17:10  SCV  
  41  17:21  SCV x2, Hellbat  
  41  17:22  Hellbat x2  
  51  17:30  Missile Turret  
  51  17:35  Command Center  
  51  17:39  Hellbat  
  51  17:43  Hellbat x3  
  54  18:00  Hellbat  
Show
View Real Time Build Order
Export as new Build Order

Javert Zerg - Winner!

Build Orders: Hatch First 

Get SALT Encoding   

  12  0:01  Drone  
  13  0:16  Overlord  
  13  0:27  Drone  
  14  0:36  Drone x2  
  16  0:53  Hatchery  
  15  0:57  Drone  
  15  1:00  Extractor  
  15  1:01  Drone  
  15  1:03  Drone  
  17  1:19  Spawning Pool  
  17  1:23  Drone  
  17  1:27  Drone  
  18  1:34  Drone  
  19  1:43  Drone  
  20  1:55  Drone  
  21  2:06  Queen  
  21  2:07  Metabolic Boost  
  23  2:14  Zergling x4  
  25  2:21  Zergling x4  
  27  2:28  Overlord  
  27  2:38  Drone  
  28  2:45  Queen  
  30  2:52  Drone  
  30  2:53  Drone x3  
  34  3:03  Drone  
  35  3:21  Drone  
  33  3:43  Overlord  
  33  3:45  Overlord  
  33  3:50  Drone x2  
  35  3:55  Hatchery  
  35  4:01  Queen  
  36  4:05  Zergling x18  
  45  4:22  Drone x6  
  49  4:40  Drone x2  
  51  4:47  Lair  
  51  4:48  Extractor  
  50  4:53  Overlord x2  
  50  5:05  Zergling x10  
  48  5:17  Extractor  
  48  5:18  Extractor  
  46  5:22  Drone x8  
  46  5:23  Roach Warren  
  46  5:24  Evolution Chamber  
  52  5:31  Drone  
  52  5:32  Drone  
  54  5:41  Zergling x6  
  54  5:50  Spine Crawler  
  49  6:09  Drone  
  49  6:10  Drone x13  
  55  6:17  Zerg Missile Weapons Level 1  
  53  6:26  Extractor  
  53  6:30  Spine Crawler, Extractor  
  50  6:37  Spore Crawler  
  50  6:39  Overseer  
  47  6:48  Spire  
  41  7:04  Drone x8  
  41  7:05  Drone x11  
  41  7:06  Queen  
  62  7:10  Evolution Chamber x2  
  57  7:34  Drone  
  57  7:35  Drone x6  
  63  7:55  Queen  
  65  8:00  Drone x3, Mutalisk x2  
  72  8:17  Mutalisk x3  
  74  8:20  Overlord x2  
  74  8:24  Drone  
  72  8:34  Drone  
  71  8:41  Mutalisk  
  71  8:42  Mutalisk x7  
  85  9:04  Zerg Missile Weapons Level 2  
  85  9:05  Zerg Ground Armor Level 1  
  85  9:07  Hydralisk Den  
  83  9:17  Zergling x6  
  83  9:18  Zergling x8  
  90  9:26  Overlord x3  
  90  9:35  Zerg Flyer Armor Level 1  
  90  9:40  Overlord x3  
  85  9:46  Zergling x14  
  85  9:47  Zergling x10  
  85  9:52  Burrow  
  97  10:05  Drone x6  
  103  10:08  Queen  
  103  10:10  Extractor  
  100  10:28  Corruptor x5  
  100  10:29  Corruptor  
  103  10:46  Baneling Nest, Spore Crawler  
  103  10:48  Zergling x2  
  103  10:49  Zergling x16  
  110  10:55  Pneumatized Carapace  
  110  10:56  Corruptor  
  112  11:06  Overlord x2  
  112  11:09  Overlord x2  
  96  11:48  Mutalisk  
  96  11:51  Overlord  
  86  12:12  Drone x10  
  86  12:13  Drone x6  
  102  12:22  Zergling x4  
  97  12:38  Zergling x10  
  97  12:41  Glial Reconstitution  
  102  12:44  Muscular Augments  
  102  12:53  Infestation Pit  
  102  12:58  Queen x2  
  103  13:06  Zergling x18  
  112  13:15  Hatchery  
  112  13:19  Mutalisk x3  
  117  13:24  Overlord x2  
  111  13:55  Mutalisk x9  
  109  13:56  Mutalisk  
  109  13:59  Queen  
  125  14:03  Hive  
  125  14:15  Zerg Ground Armor Level 2  
  125  14:21  Overlord x4, Extractor  
  125  14:22  Extractor  
  123  14:25  Zerg Flyer Armor Level 2  
  113  14:56  Mutalisk x11  
  113  14:57  Mutalisk x3  
  137  15:17  Queen  
  139  15:21  Ultralisk Cavern  
  130  15:49  Overseer  
  105  16:09  Zergling x8  
  105  16:10  Zergling x12  
  109  16:28  Chitinous Plating  
  109  16:30  Ultralisk x3  
  109  16:32  Extractor  
  126  16:41  Spore Crawler  
  126  16:43  Zergling x12  
  131  16:53  Ultralisk  
  137  17:18  Hatchery, Queen  
  138  17:40  Overlord x3  
  138  17:57  Queen  
  137  18:02  Ultralisk x2  
  137  18:03  Ultralisk  
  155  18:25  Extractor  
Tags
 
Add a new tag
Caveats
  • Supply blocks, unpowered buildings, or Contaminate may cause inaccurate times.
  • Supply counts are checked every 10 seconds.